[Event "AUT-ch Internet"]
[Site "Wilhelm-Steinitz-Stadion"]
[Date "2020.10.04"]
[Round "4"]
[White "Sackbauer"]
[Black "Tannika"]
[Result "1-0"]
[WhiteElo "2498"]
[BlackElo "2122"]
[PlyCount "71"]
[EventDate "2020.10.04"]
[EventType "blitz"]
[TimeControl "180+2"]

1. e4 e5 2. Nf3 Nc6 3. Bc4 Bc5 4. d3 Nf6 5. O-O a6 6. c3 d6 7. a4 Ba7 8. Re1 Ne7 9. d4 Ng6 10. Bd3 O-O 11. Be3 Bg4 12. h3 Be6 13. Nbd2 {[%emt 0:00:18] Sackbauer reconnected.} Re8 14. Nf1 c6 15. Ng3 h6 16. Qd2 Kh7 17. a5 Qd7 18. b4 Bxh3 19. gxh3 Qxh3 20. Bf1 Qg4 21. Nh2 Qe6 22. Rad1 exd4 {[%emt 0:00:03] ' Sackbauer reconnected.} 23. Bxd4 {[%emt 0:00:03] White restart ok. Black restart ok. Zeit ' White restart ok. Black restart ok.} c5 24. Bxf6 Qxf6 25. Qxd6 Qxc3 26. Qd3 Qxb4 27. Qc4 Qxa5 28. Nf3 f6 29. Bh3 Qa3 30. Re3 Qb2 31. Bf5 b5 32. Qf7 c4 33. Qxg6+ Kg8 34. Rd7 Qb1+ 35. Kg2 Bxe3 36. Qxg7# {[%emt 0:00:01] (Lag: Av=0.88s, max=1.3s)} 1-0